Map: [ESL] Stargazers

Players

DPGDark (Dark) - Winner!

  • Race: Zerg Zerg
  • League: Master
  • Spawn Location: 11:00

Bunny

  • Race: Terran Terran
  • League: Silver
  • Spawn Location: 1:00

VOD

Have the link to the VOD?

Description

Time

  • Played on: Nov. 5, 2022, 10:48 a.m.
  • Length: 13:08
Show
View Real Time Build Order
Export as new Build Order

DPGDark Zerg - Winner!

Build Orders: Hatch First 

Get SALT Encoding   

  12  0:00  Drone  
  13  0:12  Overlord  
  13  0:17  Drone  
  14  0:31  Drone x2  
  16  0:50  Hatchery  
  16  0:52  Drone  
  16  0:55  Drone  
  17  0:58  Drone  
  18  1:15  Spawning Pool  
  18  1:16  Drone  
  18  1:20  Drone  
  19  1:42  Drone x2  
  21  1:49  Drone  
  22  2:06  Zergling x2, Queen  
  25  2:09  Zergling x2  
  25  2:11  Zergling x2  
  25  2:14  Zergling x2  
  28  2:28  Overlord  
  28  2:39  Overlord  
  28  2:46  Queen  
  28  2:48  Zergling x4, Drone  
  28  2:49  Drone  
  33  2:52  Queen  
  35  2:59  Drone x2  
  35  3:04  Drone  
  38  3:06  Drone  
  39  3:15  Drone x2  
  39  3:16  Drone  
  42  3:24  Overlord  
  42  3:26  Overlord  
  42  3:29  Drone  
  42  3:31  Overlord  
  43  3:41  Queen x2  
  43  3:42  Drone x2  
  49  3:49  Drone  
  49  3:50  Drone  
  51  3:59  Hatchery  
  51  4:00  Drone x2  
  52  4:03  Drone x2  
  52  4:05  Drone x2  
  52  4:09  Extractor  
  55  4:10  Extractor  
  55  4:12  Drone x2  
  55  4:15  Overlord  
  56  4:17  Overlord  
  56  4:22  Queen  
  58  4:26  Drone  
  58  4:29  Queen  
  61  4:33  Drone x2  
  61  4:38  Drone x3  
  66  4:39  Drone  
  67  4:48  Drone  
  67  4:51  Metabolic Boost  
  68  4:54  Drone  
  68  4:56  Drone x2  
  68  4:58  Queen, Drone  
  76  5:08  Hatchery  
  76  5:09  Drone  
  76  5:13  Lair  
  74  5:16  Drone x3  
  74  5:17  Queen  
  74  5:19  Drone  
  74  5:21  Drone  
  81  5:23  Spore Crawler  
  81  5:27  Baneling Nest  
  79  5:30  Spore Crawler  
  79  5:31  Spore Crawler  
  79  5:32  Drone x2  
  79  5:34  Drone x2  
  81  5:38  Drone x2  
  81  5:41  Drone x3  
  86  5:47  Evolution Chamber  
  86  5:48  Extractor  
  86  5:49  Drone x3, Evolution Chamber  
  86  5:50  Drone, Extractor  
  86  5:51  Drone  
  87  5:57  Drone  
  87  5:58  Drone  
  87  6:02  Overlord  
  89  6:07  Hatchery  
  89  6:10  Overlord  
  88  6:12  Drone, Centrifugal Hooks  
  89  6:18  Overseer  
  89  6:22  Drone x11  
  100  6:27  Zerg Ground Armor Level 1, Zerg Melee Weapons Level 1  
  100  6:34  Zergling x8  
  100  6:35  Spore Crawler  
  103  6:44  Hatchery  
  103  6:45  Zergling x12  
  108  6:53  Baneling x6  
  108  6:54  Baneling x2  
  108  6:56  Zergling x8  
  112  7:01  Overlord  
  112  7:02  Overlord  
  112  7:04  Spore Crawler  
  112  7:06  Overlord x2  
  111  7:09  Infestation Pit  
  111  7:11  Overlord  
  110  7:16  Baneling  
  110  7:17  Zergling x4  
  110  7:18  Overlord x2  
  110  7:20  Zergling x20  
  121  7:25  Zergling x2  
  122  7:30  Zergling x4  
  122  7:33  Zergling x8  
  122  7:34  Zergling x6  
  131  7:39  Zergling x6  
  134  7:45  Zergling x10  
  134  7:47  Hive  
  134  7:50  Zergling x6  
  142  7:52  Burrow  
  142  7:54  Zergling x10  
  139  8:08  Zergling x2  
  139  8:09  Zergling x10  
  139  8:12  Zergling x10  
  131  8:14  Zergling x2  
  131  8:15  Queen  
  131  8:17  Baneling x9  
  131  8:18  Baneling  
  133  8:20  Zergling x8  
  133  8:25  Zergling x10, Zerg Melee Weapons Level 2, Nydus Network  
  141  8:32  Zergling x6  
  141  8:33  Zergling x4, Zerg Ground Armor Level 2  
  146  8:37  Zergling x4  
  146  8:38  Zergling x2  
  149  8:44  Zergling x8  
  149  8:45  Baneling x2, Hatchery  
  152  8:49  Zergling x4  
  153  9:00  Zergling x16  
  159  9:03  Baneling  
  159  9:09  Nydus Canal  
  151  9:13  Zergling x6  
  151  9:16  Zergling x2  
  151  9:17  Zergling x22  
  158  9:20  Zergling x2  
  158  9:21  Zergling x2  
  158  9:23  Zergling x2  
  158  9:24  Zergling x6  
  160  9:26  Ultralisk Cavern, Adrenal Glands  
  156  9:31  Zergling x10  
  156  9:33  Zergling x2  
  156  9:37  Zergling x4  
  155  9:40  Zergling x2  
  155  9:41  Nydus Canal  
  155  9:43  Zergling x4  
  155  9:48  Zergling x6  
  156  9:54  Zergling x6  
  156  10:01  Zergling x8  
  156  10:06  Zergling x2, Baneling x3  
  149  10:07  Queen  
  149  10:08  Queen x4  
  149  10:11  Baneling x5  
  149  10:12  Zergling x10, Baneling x4  
  158  10:14  Nydus Canal  
  158  10:15  Zergling x4  
  158  10:16  Baneling x3  
  158  10:19  Zergling x6  
  158  10:20  Extractor  
  159  10:30  Drone  
  159  10:33  Drone x2  
  159  10:35  Spore Crawler, Zergling x6, Ultralisk  
  167  10:36  Spore Crawler  
  167  10:41  Zergling x10  
  167  10:42  Nydus Canal  
  169  10:43  Zergling x2  
  169  10:46  Zergling x6  
  172  10:54  Baneling x3  
  172  10:55  Zergling x22, Baneling x4  
  183  11:01  Zergling x4, Baneling x3, Overlord x2  
  185  11:05  Baneling x3  
  185  11:06  Baneling x2  
  185  11:09  Overlord  
  185  11:17  Zergling x2  
  185  11:18  Zergling x2  
  185  11:21  Zergling x2, Ultralisk  
  185  11:22  Zergling x20  
  183  11:34  Zergling x10  
  183  11:36  Zergling x18, Ultralisk  
  183  11:39  Zergling x4  
  194  11:45  Baneling x4  
  177  11:49  Ultralisk  
  177  11:50  Zergling x6  
  177  11:53  Zergling x2  
  177  11:54  Zergling x12  
  171  11:56  Baneling x5  
  154  12:04  Zergling x12  
  154  12:07  Baneling  
  147  12:10  Zergling x4  
  147  12:11  Zergling x4  
  147  12:12  Zergling x2  
  136  12:15  Zergling x2  
  136  12:17  Zergling x2  
  136  12:18  Zergling x2  
  136  12:21  Zergling x4  
  139  12:24  Ultralisk  
  139  12:25  Zergling x2  
  141  12:31  Zergling x8  
Show
View Real Time Build Order
Export as new Build Order

Bunny Terran 

Build Orders:  

Get SALT Encoding   

  12  0:00  SCV  
  13  0:12  SCV  
  14  0:18  Supply Depot  
  14  0:24  SCV  
  15  0:39  SCV  
  15  0:42  Barracks  
  16  0:54  Barracks  
  16  0:58  SCV  
  17  1:10  SCV  
  18  1:11  Refinery  
  18  1:22  SCV  
  19  1:29  Marine  
  20  1:36  Orbital Command  
  20  1:42  Supply Depot  
  20  1:46  Marine  
  21  2:02  SCV  
  21  2:04  Reaper  
  22  2:08  Supply Depot  
  22  2:14  SCV  
  23  2:16  Reaper  
  23  2:27  SCV  
  24  2:37  Command Center  
  24  2:40  SCV  
  25  2:49  Factory  
  25  2:55  SCV  
  26  3:07  SCV  
  27  3:20  Command Center, SCV  
  27  3:33  SCV  
  28  3:34  Starport  
  28  3:38  Refinery, Factory Tech Lab  
  28  3:45  SCV  
  29  3:57  Barracks Reactor, SCV  
  30  4:08  Marine  
  30  4:09  SCV, Orbital Command  
  32  4:14  Hellion  
  34  4:18  Banshee  
  34  4:21  SCV  
  39  4:33  SCV, Marine x2  
  39  4:35  Barracks Tech Lab  
  39  4:37  SCV  
  42  4:40  Orbital Command  
  42  4:45  SCV  
  42  4:47  Barracks  
  42  4:48  Factory Reactor  
  42  4:49  SCV  
  42  4:51  Marine x2  
  45  4:54  Supply Depot  
  45  4:55  Stimpack  
  45  4:57  SCV, Marine  
  47  5:01  SCV  
  47  5:07  Engineering Bay  
  48  5:08  Engineering Bay  
  48  5:09  SCV x2  
  48  5:13  SCV  
  51  5:15  Orbital Command  
  51  5:20  Supply Depot  
  51  5:21  Starport Reactor  
  51  5:22  Marine x3  
  51  5:24  SCV  
  51  5:25  SCV  
  51  5:28  Refinery  
  57  5:31  Refinery  
  56  5:37  SCV, Terran Infantry Weapons Level 1  
  56  5:38  SCV, Terran Infantry Armor Level 1  
  58  5:43  Marine x5  
  58  5:45  Supply Depot  
  58  5:49  SCV  
  65  5:50  SCV x2  
  66  5:58  Siege Tank  
  66  6:03  SCV x2  
  71  6:04  Barracks  
  71  6:05  SCV, Barracks  
  71  6:09  Medivac  
  74  6:12  Marine x5  
  74  6:16  Medivac  
  81  6:19  Supply Depot  
  81  6:21  SCV  
  81  6:22  SCV x2  
  84  6:30  Siege Tank, Marine x3  
  90  6:34  Marine x2  
  90  6:35  SCV  
  90  6:37  Combat Shield  
  93  6:41  SCV x2  
  93  6:42  Supply Depot x2  
  93  6:46  Medivac  
  97  6:56  Barracks Reactor x2  
  97  6:58  Marine x4  
  101  7:04  SCV x3  
  101  7:06  Supply Depot x2  
  101  7:07  Supply Depot  
  104  7:09  Siege Tank  
  104  7:11  Marine  
  108  7:16  SCV x3  
  108  7:17  Supply Depot  
  111  7:26  Marine x4  
  111  7:28  Refinery  
  111  7:29  Marine  
  116  7:31  Armory  
  116  7:38  Medivac  
  116  7:39  Medivac, Marine x4  
  116  7:44  Marine x3  
  124  7:46  Siege Tank  
  124  7:48  Marine  
  124  7:50  Supply Depot x2  
  130  7:53  SCV x3  
  130  7:57  Marine x2  
  127  8:08  Marine x7  
  127  8:10  Medivac  
  120  8:15  Marine x2  
  120  8:20  Barracks  
  120  8:22  Barracks x2, Siege Tank  
  120  8:24  Medivac  
  120  8:26  Marine x2  
  127  8:29  Terran Infantry Weapons Level 2  
  127  8:35  Marine x6  
  127  8:36  Marine  
  134  8:41  Supply Depot  
  134  8:54  Marine  
  129  9:04  Marine  
  129  9:05  Marine x7  
  129  9:09  Siege Tank  
  140  9:11  Medivac x2  
  140  9:12  Marine  
  139  9:22  Marine  
  139  9:23  Marine x7  
  147  9:28  Marine  
  130  9:34  Marine x3  
  119  9:40  Medivac, Marine x6  
  119  9:41  Medivac, Siege Tank, Marine x2  
  131  9:46  Marine  
  131  9:51  Marine  
  131  9:52  Marine x2  
  131  9:58  Marine  
  131  10:02  Marine  
  131  10:03  Marine x5  
  127  10:11  Marine x3  
  127  10:13  Siege Tank  
  133  10:22  Marine x2  
  135  10:31  Marine  
  135  10:32  Marine x5  
  135  10:35  Marine  
  142  10:45  Siege Tank  
  142  10:47  Marine x5  
  142  10:49  Medivac  
  152  10:53  Marine  
  152  10:54  Marine  
  154  10:57  Medivac  
  154  11:00  Marine x2  
  154  11:01  Marine  
  159  11:12  Marine x6  
  159  11:16  Marine x3  
  144  11:30  Orbital Command  
  96  12:11  Marine x4  
  96  12:12  Marine  
  85  12:15  Marine  
  85  12:16  Marine  
  85  12:18  Marine x2  
  85  12:19  Medivac  
  85  12:24  Marine  
  85  12:25  Marine  
  85  12:28  Siege Tank  
Tags
 
Add a new tag
Caveats
  • Supply blocks, unpowered buildings, or Contaminate may cause inaccurate times.
  • Supply counts are checked every 10 seconds.